 Dungeon Crawl Stone Soup version 0.28-a0-941-g140ffa10cf (webtiles) character file.

Game seed: 3177280001009341983

33 BinkBink the Skirmisher (level 3, 0/29 HPs)
             Began as a Demonspawn Monk on Nov 29, 2021.
             Was an Initiate of Gozag.
             Succumbed to an adder's poison
             ... on level 2 of the Dungeon.
             The game lasted 00:02:08 (1795 turns).

BinkBink the Skirmisher (Demonspawn Monk)           Turns: 1795, Time: 00:02:09

Health: 0/29       AC:  8    Str: 12    XL:     3   Next: 12%
Magic:  3/3        EV:  6    Int: 11    God:    Gozag
Gold:   202        SH:  4    Dex: 15    Spells: 2/2 levels left

rFire   . . .      SeeInvis .   a - +1 spear
rCold   . . .      Faith    .   (no shield)
rNeg    . . .      Spirit   .   c - +0 chain mail
rPois   .          Reflect  .   (no helmet)
rElec   .          Harm     .   (no cloak)
rCorr   .          Rampage  .   (no gloves)
Will    .....                   (no boots)
Stlth   ..........              (no amulet)
HPRegen 0.09/turn               (no ring)
MPRegen 0.08/turn               (no ring)

@: lethally poisoned (0 -> -4), flying, hasted, very quick
A: claws 1, condensation shield
a: Renounce Religion, Potion Petition, Call Merchant, Bribe Branch


You were on level 2 of the Dungeon.
You worshipped Gozag.
Gozag was aware of your devotion.
You visited 1 branch of the dungeon, and saw 2 of its levels.

You collected 202 gold pieces.

Inventory:

Hand Weapons
 a - a +1 spear (weapon)
Armour
 c - a +0 chain mail (worn)
Jewellery
 i - a +6 ring of strength
Scrolls
 b - a scroll of immolation {unknown}
 d - a scroll of fear {unknown}
 e - 2 scrolls of identify {unknown}
 f - 2 scrolls of blinking {unknown}
 g - a scroll of silence {unknown}
Potions
 h - a potion of haste


   Skills:
 + Level 3.2 Fighting
 + Level 3.2 Polearms
 * Level 1.1 Armour
 + Level 2.9 Dodging
 - Level 1.7 Stealth


You had 2 spell levels left.
You didn't know any spells.
Your spell library was empty.

Dungeon Overview and Level Annotations

Branches:
Dungeon (2/15)

Altars:
Gozag


Innate Abilities, Weirdness & Mutations

You have sharp fingernails.
A meltable shield of frost defends you. (SH +4)


Message History

You barely miss the adder.
The adder is heavily wounded.
You feel sick. The adder bites you but does no damage.
You are too injured to fight recklessly!
Your chain mail prevents you from hitting the adder.
The adder is heavily wounded.
You feel sick. The adder bites you but does no damage.
You miss the adder.
The adder is heavily wounded.
You feel sick. The adder bites you.
You are lethally poisoned!
The adder poisons you! The adder bites you but does no damage.
It was a potion of haste.
You feel yourself speed up.
* * * LOW HITPOINT WARNING * * *
You feel very sick. The adder barely misses you.
It was a potion of flight.
You feel very buoyant.
You fly up into the air.
* * * LOW HITPOINT WARNING * * *
You feel sick. The adder barely misses you.
You completely miss the adder.
The adder is heavily wounded.
* * * LOW HITPOINT WARNING * * *
You feel sick. The adder bites you.
* * * LOW HITPOINT WARNING * * *
You closely miss the adder.
The adder is heavily wounded.
* * * LOW HITPOINT WARNING * * *
You feel sick. The adder bites you but does no damage.
You hit the adder.
The adder is severely wounded.
* * * LOW HITPOINT WARNING * * *
You feel sick.
Okay, then.
As you read the scroll labelled VEOZIKEINE, it crumbles to dust.
It is a scroll of enchant weapon.
Your +0 spear glows red for a moment.
You die...
Your body crumbles into a pile of gold.

####.# #####.# #...##
####.# #.# #.# #...#
#....# #.###.# #...##
#.#### #.....# #.....
#.# #.###.#######..###
#.# #.#............#
#.# #...#.########.#
#.#
#############.<......#
#.# ......S@.#
#.#.###### #.#
#.######.# #.#.# #.#
.######.####.#.# ..#
.............#.# ###
.######........#
#.####.### ### ###


You could see an adder.

Vanquished Creatures
  A dart slug (D:1)
  3 ball pythons (D:2)
  7 endoplasms
  A giant cockroach (D:2)
  A hobgoblin (D:2)
  3 kobolds
  2 quokkas (D:1)
  2 bats
  4 frilled lizards
  2 goblins (D:2)
  A rat (D:1)
27 creatures vanquished.

Notes
Turn   | Place    | Note
-------+----------+-------------------------------------------
     0 | D:1      | BinkBink the Demonspawn Monk began the quest for the Orb.
     0 | D:1      | Reached XP level 1. HP: 18/18 MP: 1/1
   310 | D:1      | Found a faded altar of an unknown god.
   317 | D:1      | Prayed at the altar of an unknown god.
   317 | D:1      | Became a worshipper of Gozag Ym Sagoz the Greedy
   413 | D:1      | Gained mutation: You have sharp fingernails. [demonic
                  | ancestry]
   413 | D:1      | Reached XP level 2. HP: 24/24 MP: 2/2
  1197 | D:2      | Reached skill level 1 in Armour
  1316 | D:2      | Gained mutation: A meltable shield of frost defends you.
                  | (SH +4) [demonic ancestry]
  1316 | D:2      | Reached XP level 3. HP: 27/29 MP: 3/3
  1794 | D:2      | HP: 1/29 [poisoned by an adder]
  1795 | D:2      | Succumbed to an adder's poison

Illustrated notes

Levels and vault maps discovered:
D:1:      psy_arrival_conway, layout_basic,
          dreamdust_ecumenical_altar_hidden_monk_grotto
D:2:      layout_basic, bh_walls_and_bars

Skill      XL: |  1  2 |
---------------+-------+-----
Polearms       | 3 |  3.2
Armour         | 1 |  1.1
Fighting       | |  3.2
Dodging        | |  2.9
Stealth        | |  1.7

Action                   || total
-------------------------++-------
Melee: Spear             ||   105
  Use: Potion            ||     2
       Scroll            ||     1
Armor: Chain mail        ||    41
Dodge: Dodged            ||    16
Block: Other             ||     1

Table legend: (Time is in decaauts)
 A = Elapsed time spent in this place.
 B = Non-inter-level travel time spent in this place.
 C = Inter-level travel time spent in this place.
 D = Time resting spent in this place.
 E = Time spent auto-exploring this place.
 F = Levels seen in this place.
 G = Mean time per level.
                   A        B        C        D        E       F      G
               +--------+--------+--------+--------+--------+-----+--------+
         Total |   1792 |   1768 |     24 |      0 |   1556 |   2 |  896.0 |
       Dungeon |   1792 |   1768 |     24 |      0 |   1556 |   2 |  896.0 |
               +--------+--------+--------+--------+--------+-----+--------+

Top non-repeatable levels by time:
     D:2: 1057 daAuts
     D:1: 735 daAuts
